 Dungeon Crawl Stone Soup version 0.29-a0-553-g81b289dbe5 (webtiles) character file.

Game seed: 9054533375812066282

3344 Gelos the Grappler (level 9, -5/76 HPs)
             Began as a Troll Gladiator on June 6, 2022.
             Was an Initiate of Ashenzari.
             Slain by a wolf (9 damage)
             ... led by Grum
             ... on level 8 of the Dungeon.
             The game lasted 00:11:06 (7320 turns).

Gelos the Grappler (Troll Gladiator)                Turns: 7320, Time: 00:11:06

Health: -5/76      AC:  6    Str: 24    XL:     9   Next: 72%
Magic:  8/8        EV: 25    Int:  8    God:    Ashenzari [......]
Gold:   363        SH:  0    Dex: 11    Spells: 3/8 levels left

rFire   + . .      SeeInvis .     - Unarmed
rCold   + + .      Faith    .   (no shield)
rNeg    + . .      Spirit   .   F - +2 robe {rC+}
rPois   .          Reflect  .   b - +0 hat
rElec   .          Harm     .   j - scarf {rC+ rF+}
rCorr   .          Rampage  .   (gloves unavailable)
Will    .....                   (boots unavailable)
Stlth   +.........              D - amulet of the acrobat
HPRegen 1.02/turn               c - ring of positive energy
MPRegen 0.11/turn               (no ring)

@: brilliant, acrobatic, invisible
A: large, unfitting armour, claws 3, regeneration 1, shaggy fur 1, tough skin 1
a: Renounce Religion


You were on level 8 of the Dungeon.
You worshipped Ashenzari.
Ashenzari was noncommittal.
You visited 2 branches of the dungeon, and saw 9 of its levels.

You collected 363 gold pieces.

Inventory:

Hand Weapons
 A - a +1 demon whip of venom
Missiles
 d - 288 stones
 s - a large rock
 y - 4 poisoned darts (quivered)
 B - 3 silver boomerangs
 C - 7 boomerangs
 E - 3 javelins
Armour
 b - a +0 hat (worn)
 j - a scarf of resistance (worn)
 F - a +2 robe of cold resistance (worn)
Jewellery
 c - a ring of positive energy (left claw)
 k - an amulet of faith
 z - a +4 ring of evasion
 D - an amulet of the acrobat (around neck)
Scrolls
 e - 3 scrolls of teleportation
 g - a scroll of noise
 h - a scroll of fear {unknown}
 i - a scroll of torment {unknown}
 l - a scroll of magic mapping
 n - a scroll of immolation
 p - 3 scrolls of acquirement
 r - a scroll of blinking {unknown}
 t - 4 scrolls of amnesia
 u - a scroll of fog
 w - a scroll of silence {unknown}
Potions
 a - a potion of degeneration
 f - 2 potions of attraction
 m - 3 potions of curing
 o - 3 potions of flight


   Skills:
 - Level 1.5 Fighting
 - Level 1.7 Throwing
 - Level 2.4 Dodging
 + Level 14.0 Unarmed Combat


You had 3 spell levels left.
You knew the following spells:

 Your Spells              Type           Power      Damage    Failure   Level
a - Manifold Assault      Tloc           0%         N/A       100%        5

Your spell library contained the following spells:

 Spells                   Type           Power      Damage    Failure   Level
 Apportation              Tloc           0%         N/A       41%         1
 Beastly Appendage        Tmut           0%         N/A       41%         1
 Foxfire                  Conj/Fire      0%         2x1d4     41%         1
 Freeze                   Ice            0%         1d3       41%         1
 Magic Dart               Conj           0%         1d3       41%         1
 Necrotize                Necr           0%         1d4       41%         1
 Summon Small Mammal      Summ           0%         N/A       41%         1
 Blink                    Tloc           0%         N/A       54%         2
 Searing Ray              Conj           0%         2d4       54%         2
 Fulminant Prism          Conj/Hex       0%         3d6       99%         4
 Petrify                  Tmut/Erth      0%         N/A       99%         4
 Metabolic Englaciation   Hex/Ice        0%         N/A       100%        5
 Statue Form              Tmut/Erth      0%         N/A       100%        6
 Storm Form               Tmut/Air       0%         N/A       100%        7


Dungeon Overview and Level Annotations

Branches:
Dungeon (8/15)             Temple (1/1) D:7
   Lair: D:8-11

Altars:
Ashenzari
Dithmenos
Elyvilon
Fedhas
Gozag
Hepliaklqana
Kikubaaqudgha
Makhleb
Qazlal
Ru
Trog
Wu Jian
Xom
Yredelemnul
Zin
The Shining One

Shops:
D:8 (

Annotations:
D:8 Grum, Prince Ribbit


Innate Abilities, Weirdness & Mutations

You are too large for most types of armour.
You have claws for hands.
Your natural rate of healing is unusually fast.
You are covered in fur. (AC +1)
You have tough skin. (AC +1)


Message History

The wolf bites you but does no damage.
You closely miss the wolf.
The wolf is heavily wounded.
Grum hits you with a +1 glaive of venom!
The wolf closely misses you. The wolf misses you. The wolf barely misses you.
You scratch the wolf.
The wolf is severely wounded.
The wolf bites you but does no damage. The wolf bites you!
The wolf bites you but does no damage. Grum completely misses you.
The wolf bites you but does no damage.
Unknown command.
You are too injured to fight recklessly!
You are too injured to fight recklessly!
You scratch Grum but do no damage. The wolf bites you!
The wolf closely misses you. The wolf bites you. The wolf barely misses you.
Grum misses you.
You scratch Grum.
Grum is lightly wounded.
The wolf bites you.
The wolf barely misses you. x2; The wolf bites you.
You catch the helpless Grum completely off-guard!
You mangle Grum!!
Grum is almost dead.
The wolf closely misses you. The wolf bites you but does no damage.
The wolf bites you!
* * * LOW HITPOINT WARNING * * *
The wolf bites you.
* * * LOW HITPOINT WARNING * * *
The wolf barely misses you. The wolf bites you but does no damage.
The wolf closely misses you.
You miss the wolf. The wolf bites you!
* * * LOW HITPOINT WARNING * * *
The wolf bites you but does no damage. The wolf barely misses you.
The wolf misses you. The wolf bites you.
* * * LOW HITPOINT WARNING * * *
The wolf attacks as you move away! The wolf closely misses you.
The wolf attacks as you move away! The wolf closely misses you.
The wolf bites you.
* * * LOW HITPOINT WARNING * * *
The wolf bites you!
You die...

..........###...#.#.
#
.h.........#...##....
...........?....#.#.#
.......##.........#.#
.. ....
........?...## ....
...<...g..>..# #
#....h....# y...
#..hh....# ...#
###h@.#### ..##
#....## .# #.....# #
###..## #.## ###


You could see Grum (can't see you) and 4 wolves.

Vanquished Creatures
  A water moccasin (D:5)
  3 ice beasts
  2 black bears
  2 orc warriors
  3 sky beasts (D:7)
  An ogre (D:6)
  3 centaurs
  2 phantoms
  2 necrophages (D:6)
  A scorpion (D:6)
  3 wights (D:7)
  12 killer bees
  4 howler monkeys
  A hound (D:6)
  2 jellies
  6 orc priests
  2 gnoll shamans (D:7)
  3 iguanas
  7 orc wizards
  6 gnolls (D:7)
  8 adders
  A shadow imp (D:5)
  2 white imps
  3 worms
  The ghost of croobank the Covert, a weakling GnDe (D:4)
  2 dart slugs
  25 orcs
  5 endoplasms
  3 giant cockroaches
  6 goblins
  6 hobgoblins
  7 jackals
  3 quokkas
  6 ball pythons
  A bat (D:1)
  5 frilled lizards
  6 kobolds
  5 rats
161 creatures vanquished.

Notes
Turn   | Place    | Note
-------+----------+-------------------------------------------
     0 | D:1      | Gelos the Troll Gladiator began the quest for the Orb.
     0 | D:1      | Reached XP level 1. HP: 19/19 MP: 0/0
   314 | D:1      | Reached XP level 2. HP: 27/27 MP: 1/1
   444 | D:1      | Got Sial Maa's Theurgy 101
   820 | D:2      | Reached skill level 4 in Unarmed Combat
   842 | D:2      | Reached XP level 3. HP: 18/33 MP: 2/2
  1802 | D:3      | Noticed an orc warrior
  2132 | D:3      | Found a shimmering altar of Xom.
  2180 | D:3      | Found a bloodstained altar of Trog.
  2430 | D:3      | Reached skill level 5 in Unarmed Combat
  2430 | D:3      | Reached XP level 4. HP: 36/41 MP: 3/3
  2570 | D:3      | Killed an orc warrior
  2571 | D:3      | Reached skill level 6 in Unarmed Combat
  2571 | D:3      | Reached XP level 5. HP: 45/48 MP: 4/4
  2685 | D:3      | Found a basalt altar of Yredelemnul.
  2734 | D:3      | Found an ornate altar of the Wu Jian Council.
  2946 | D:4      | Noticed a black bear
  2954 | D:4      | Killed a black bear
  2955 | D:4      | Reached skill level 7 in Unarmed Combat
  2955 | D:4      | Reached XP level 6. HP: 26/55 MP: 5/5
  3124 | D:4      | Noticed croobank's ghost (weakling GnDe)
  3128 | D:4      | Found a runed translucent door.
  3756 | D:4      | Reached skill level 8 in Unarmed Combat
  3756 | D:4      | Reached XP level 7. HP: 53/62 MP: 6/6
  4097 | D:4      | Killed croobank's ghost
  4129 | D:5      | Entered Level 5 of the Dungeon
  4429 | D:5      | Reached skill level 9 in Unarmed Combat
  4659 | D:5      | Reached XP level 8. HP: 70/70 MP: 7/7
  4987 | D:5      | Reached skill level 10 in Unarmed Combat
  5482 | D:6      | Learned a level 5 spell: Manifold Assault
  5557 | D:6      | Reached skill level 11 in Unarmed Combat
  6198 | D:7      | Reached skill level 12 in Unarmed Combat
  6267 | D:7      | Reached XP level 9. HP: 45/76 MP: 8/8
  6457 | D:7      | Reached skill level 13 in Unarmed Combat
  6736 | D:7      | Reached skill level 14 in Unarmed Combat
  6822 | D:7      | Found a staircase to the Ecumenical Temple.
  6908 | Temple   | Entered the Ecumenical Temple
  6970 | Temple   | Became a worshipper of Ashenzari the Shackled
  7258 | D:8      | Noticed a troll
  7262 | D:8      | Found Nafovvio's Antique Weapon Emporium.
  7262 | D:8      | Noticed Grum
  7266 | D:8      | Noticed Prince Ribbit
  7307 | D:8      | Identified 3 scrolls of acquirement
  7320 | D:8      | Slain by a wolf

Illustrated notes

Levels and vault maps discovered:
D:1:      onia_arrival_mini_spirals, layout_loops_ring, bh_walls_and_bars
D:2:      layout_basic
D:3:      layout_basic, nzn_wu_jian_contemplation, mainiacjoe_overflow_alcove_1,
          mainiacjoe_overflow_catwalk_spiral, hex_intersection
D:4:      layout_loops_corners, hellmonk_ghost_happy_afterlife,
          chequers_serial_rivers_large_a, kennysheep_generic_room_4
D:5:      layout_basic
D:6:      layout_loops_corners
D:7:      layout_loops_cross, minmay_temple_entry_stoned_glass
D:8:      layout_cave_pools, erik_lair_island, serial_shops,
          nicolae_shop_temple_entry_statues_fountains, moated_statue,
          minmay_misc_feat_rows, kennysheep_donut, nicolae_shop_clearance,
          uniq_grum, uniq_maggie, uniq_prince_ribbit1
Temple:   nicolae_temple_x_marks_the_god

Skill      XL: |  1  2  3  4  5  6  7  8  9 |
---------------+----------------------------+-----
Unarmed Combat | 4 5 6 7 8 9 12 14 | 14.0
Fighting       | |  1.5
Throwing       | |  1.7
Dodging        | |  2.4

Action                   |  1- 3 |  4- 6 |  7- 9 || total
-------------------------+-------+-------+-------++-------
Melee: Unarmed           |   108 |    92 |   246 ||   446
       Punch             |       |     3 |    10 ||    13
Throw: Stone             |    18 |       |       ||    18
       Throwing net      |     2 |     1 |       ||     3
       Large rock        |     1 |     1 |       ||     2
  Use: Potion            |     1 |     1 |     8 ||    10
       Scroll            |       |       |    15 ||    15
 Stab: Sleeping          |     2 |     1 |       ||     3
       Invisible         |       |       |     1 ||     1
Armor: Robe              |    28 |    28 |    68 ||   124
Dodge: Dodged            |    50 |    33 |   129 ||   212

Table legend: (Time is in decaauts)
 A = Elapsed time spent in this place.
 B = Non-inter-level travel time spent in this place.
 C = Inter-level travel time spent in this place.
 D = Time resting spent in this place.
 E = Time spent auto-exploring this place.
 F = Levels seen in this place.
 G = Mean time per level.
                   A        B        C        D        E       F      G
               +--------+--------+--------+--------+--------+-----+--------+
         Total |   7192 |   6806 |    386 |    446 |   5039 |   9 |  799.1 |
       Dungeon |   7120 |   6743 |    377 |    446 |   4991 |   8 |  890.0 |
        Temple |     72 |     63 |      9 |      0 |     48 |   1 |   72.0 |
               +--------+--------+--------+--------+--------+-----+--------+

Top non-repeatable levels by time:
     D:4: 1257 daAuts
     D:2: 1109 daAuts
     D:6: 1027 daAuts
     D:5: 983 daAuts
     D:7: 962 daAuts
     D:3: 947 daAuts
     D:1: 775 daAuts
  Temple: 72 daAuts
     D:8: 58 daAuts
